 Dungeon Crawl Stone Soup version 0.20-a0-537-g052e6ba (webtiles) character file.

92 Klosterheim the Slasher (level 4, 0/36 HPs)
             Began as a Draconian Skald on Jan 28, 2017.
             Slain by an orc
             ... wielding a +0 hand axe
              (5 damage)
             ... on level 3 of the Dungeon.
             The game lasted 00:04:01 (2042 turns).

Klosterheim the Slasher (Draconian Skald)           Turns: 2042, Time: 00:04:02

Health: 0/36       AC:  6    Str: 13    XL:     4   Next: 35%
Magic:  3/7        EV: 12    Int: 14    God:
Gold:   145        SH:  0    Dex: 11    Spells: 6/7 levels left

rFire    . . .     SeeInvis +   a - +0 falchion
rCold    . . .     Gourm    .   (armour unavailable)
rNeg     . . .     Faith    .   (no shield)
rPois    .         Spirit   .   (helmet restricted)
rElec    .         Reflect  .   (no cloak)
rCorr    .         Harm     .   m - +0 pair of gloves
MR       .....                  (no boots)
Stlth    +.........             (no amulet)
Regen    0.2/turn               (no ring)
                                k - ring of see invisible

@: infused
A: unfitting armour, cold-blooded, AC +5
a: no special abilities


You were on level 3 of the Dungeon.
You were not hungry.

You visited 1 branch of the dungeon, and saw 3 of its levels.

You collected 145 gold pieces.

Inventory:

Hand Weapons
 a - a +0 falchion (weapon)
Armour
 m - a +0 pair of gloves (worn)
Jewellery
 k - a ring of see invisible (left hand)
Scrolls
 e - 3 scrolls of immolation {unknown}
 f - a scroll of random uselessness {unknown}
 i - 3 scrolls of enchant weapon {unknown}
 j - a scroll of recharging {unknown}
 l - a scroll of enchant armour {unknown}
 n - 2 scrolls of remove curse {unknown}
 t - a scroll of magic mapping {unknown}
Potions
 d - a potion of haste {unknown}
 g - a potion of might {unknown}
 o - a potion of degeneration {unknown}
 p - a potion of brilliance {unknown}
 q - a potion of flight {unknown}
 u - a potion of magic {unknown}
Books
 b - a book of Battle

   Spells                             Type                      Level
   a - Infusion                       Charms                       1
   b - Shroud of Golubria             Charms/Translocation         2
   c - Song of Slaying                Charms                       2
   d - Spectral Weapon                Hexes/Charms                 3
   e - Regeneration                   Charms/Necromancy            3
Comestibles
 c - a bread ration
 h - 2 royal jellies
 s - 2 meat rations


   Skills:
 - Level 2.1 Fighting
 * Level 4.1 Long Blades
 - Level 2.1 Dodging
 - Level 2.0 Spellcasting
 + Level 3.3 Charms


You had 6 spell levels left.
You knew the following spells:

 Your Spells              Type           Power        Failure   Level  Hunger
a - Infusion              Chrm           ##..         10%         1    ##.....


Dungeon Overview and Level Annotations

Branches:
Dungeon (3/15)

Altars:
Ashenzari
Ru


Innate Abilities, Weirdness & Mutations

Your plain brown scales are hard. (AC +5)
You cannot fit into any form of body armour.
You are cold-blooded and may be slowed by cold attacks.


Message History

The orc is heavily wounded.
The orc hits you with a mace.
* * * LOW HITPOINT WARNING * * *
The orc hits you with a hand axe.
* * * LOW HITPOINT WARNING * * *
The orc misses you.
You hit the orc but do no damage.
The orc is heavily wounded.
The orc hits you with a mace.
* * * LOW HITPOINT WARNING * * *
The orc barely misses you.
You riposte.
You hit the orc.
You kill the orc!
The orc hits you but does no damage.
You hit the orc.
You kill the orc!
The orc misses you.
You hit the orc.
The orc is heavily wounded.
The orc hits you with a hand axe.
You die...

.# ######.#
#......#
###......###
.......[..
#......#
#.))...###
#.†))....#
#).@o....#
#######....
#.. .


You could see an orc.

Vanquished Creatures
  2 adders (D:2)
  A worm (D:2)
  4 dart slugs
  2 leopard geckos
  4 orcs (D:3)
  A ball python (D:3)
  6 bats
  2 giant cockroaches
  7 goblins
  10 hobgoblins
  2 jackals (D:1)
  A quokka (D:2)
  3 frilled lizards
  5 kobolds
  7 rats
57 creatures vanquished.

Notes
Turn   | Place    | Note
-------+----------+-------------------------------------------
     0 | D:1      | Klosterheim the Draconian Skald began the quest for the Orb.
     0 | D:1      | Reached XP level 1. HP: 17/17 MP: 3/3
   142 | D:1      | Reached XP level 2. HP: 22/24 MP: 5/5
   627 | D:1      | Reached skill level 3 in Long Blades
  1044 | D:2      | Reached XP level 3. HP: 29/29 MP: 6/6
  1052 | D:2      | Found a sacrificial altar of Ru.
  1511 | D:2      | Reached XP level 4. HP: 32/36 MP: 3/7
  1652 | D:2      | Found a shattered altar of Ashenzari.
  2021 | D:3      | Reached skill level 4 in Long Blades
  2042 | D:3      | Slain by an orc

Vault maps used:
D:1:      minmay_arrival_checkered_box, minmay_fountain_box
D:2:      lemuel_coloured_pillars_altar, serial_bayou, serial_bayou_pond_e,
          serial_bayou_lake_a, serial_bayou_lagoon_a, serial_bayou_pond_b,
          serial_bayou_shore_a, serial_bayou_pond_d,
          hangedman_abyss_or_decor_lesser_grid, nicolae_ru_sacrificial_ziggurat
D:3:      lemuel_crystal_altar, first_bread

Skill      XL: |  1  2  3  4 |
---------------+-------------+-----
Charms         | 3 |  3.3
Long Blades    | 3 4 |  4.1
Fighting       | |  2.1
Dodging        | |  2.1
Spellcasting   | |  2.0

Action                   |  1- 3 |  4- 6 || total
-------------------------+-------+-------++-------
Melee: Falchion          |   110 |    51 ||   161
       Tailslap          |    10 |     5 ||    15
 Cast: Infusion          |     6 |     1 ||     7
  Eat: Chunk             |     2 |     2 ||     4
Armor: Skin              |    60 |    21 ||    81
Dodge: Dodged            |   110 |    49 ||   159
       Rpst.: Falchion   |    30 |     8 ||    38
